 Dungeon Crawl Stone Soup version 0.19-a0-1007-g133f65f (webtiles) character file.

798 Implojin the Grappler (level 7, -1/59 HPs)
             Began as a Minotaur Fighter on July 20, 2016.
             Slain by a spriggan baker
             ... wielding a +0 dagger
              (3 damage)
             ... on level 7 of the Dungeon.
             The game lasted 00:06:13 (934 turns).

Implojin the Grappler (Minotaur Fighter)             Turns: 934, Time: 00:06:14

Health: -1/59      AC:  8    Str: 21      XL:     7   Next: 58%
Magic:  6/6        EV:  8    Int:  5      God:
Gold:   28         SH:  9    Dex: 10 (11) Spells: 0 memorised, 6 levels left

rFire  . . .     SeeInvis .       - Unarmed
rCold  . . .     Gourm    .     k - +3 ring mail
rNeg   . . .     Faith    .     b - +0 shield
rPois  .         Spirit   .     (helmet restricted)
rElec  .         Dismiss  .     (no cloak)
rCorr  .         Reflect  .     (no gloves)
SustAt .         Harm     .     (no boots)
MR     .....                    (no amulet)
Stlth  +.........               o - ring of wizardry
                                i - ring of stealth

@: not resistant to hostile enchantments, very unstealthy
A: retaliatory headbutt, horns 2
a: no special abilities


You were on level 7 of the Dungeon.
You were not hungry.

You visited 1 branch of the dungeon, and saw 8 of its levels.

You collected 28 gold pieces.

Inventory:

Hand Weapons
 n - a cursed -1 dagger
Armour
 a - a +0 scale mail
 b - a +0 shield (worn)
 h - a +0 ring mail
 k - a +3 ring mail (worn)
Jewellery
 e - an uncursed ring of protection from magic {unknown}
 i - a ring of stealth (left hand)
 j - an uncursed ring of wizardry
 o - a ring of wizardry (right hand)
Wands
 m - a wand of disintegration (11/24)
Scrolls
 g - a scroll of amnesia
Comestibles
 f - 3 chunks of flesh


   Skills:
 * Level 4.2 Fighting
 - Level 3.6 Armour
 - Level 3.6 Shields
 - Level 9.4 Unarmed Combat


You had 6 spell levels left.
You didn't know any spells.

Dungeon Overview and Level Annotations

Branches:
Dungeon (8/15)
 Temple: D:4-7         Lair: D:8-11

Altars:

Annotations:
D:6 Pikel


Innate Abilities, Weirdness & Mutations

You reflexively headbutt those who attack you in melee.
You have a pair of horns on your head.


Message History

The spriggan baker hits you with a dagger!
* * * LOW HITPOINT WARNING * * *
Unknown command.
You completely miss the spriggan baker.
The spriggan baker is moderately wounded.
The spriggan baker hits you with a dagger.
* * * LOW HITPOINT WARNING * * *
Unknown command.
You miss the spriggan baker.
Your headbutt misses the spriggan baker.
The spriggan baker is moderately wounded.
The spriggan baker hits you but does no damage.
You barely miss the spriggan baker.
Your headbutt misses the spriggan baker.
The spriggan baker is moderately wounded.
The spriggan baker barely misses you.
You closely miss the spriggan baker.
The spriggan baker is moderately wounded.
The spriggan baker barely misses you.
You hit the spriggan baker.
Your headbutt misses the spriggan baker.
The spriggan baker is heavily wounded.
The spriggan baker hits you but does no damage.
You miss the spriggan baker.
Your headbutt misses the spriggan baker.
The spriggan baker is heavily wounded.
The spriggan baker hits you but does no damage.
You miss the spriggan baker.
Your headbutt misses the spriggan baker.
The spriggan baker is heavily wounded.
The spriggan baker hits you with a dagger.
* * * LOW HITPOINT WARNING * * *
Unknown command.
You closely miss the spriggan baker.
The spriggan baker is heavily wounded.
You completely miss the spriggan baker.
Your headbutt misses the spriggan baker.
The spriggan baker is heavily wounded.
The spriggan baker hits you with a dagger.
You die...

# ###.#%# #
#@i..%# ##
#.######### ##.
#.####....######..
#............##.##
#####........#.##
##$.......##
#........#
####.....# #######


You could see a spriggan baker.

Vanquished Creatures
  Sigmund (D:2)
  A hungry ghost (D:7)
  A slave (D:7)
  2 giant frogs
  A crimson imp (D:6)
  A giant frog zombie (D:7)
  A quasit (D:7)
  An orc priest (D:7)
  2 jellies
  An orc wizard (D:6)
  4 worker ants
  4 adders
  2 giant geckos
  11 orcs
  A giant cockroach (D:3)
  A quokka (D:7)
  2 goblins
  A kobold (D:3)
  A quokka zombie (D:5)
  A rat (D:2)
40 creatures vanquished.

Notes
Turn   | Place    | Note
-------+----------+-------------------------------------------
     0 | D:1      | Implojin the Minotaur Fighter began the quest for the Orb.
     0 | D:1      | Reached XP level 1. HP: 19/19 MP: 0/0
   106 | D:2      | Noticed Sigmund
   113 | D:2      | Killed Sigmund
   113 | D:2      | Reached skill level 5 in Unarmed Combat
   113 | D:2      | Reached XP level 2. HP: 26/26 MP: 1/1
   113 | D:2      | Reached XP level 3. HP: 31/31 MP: 2/2
   113 | D:2      | Reached XP level 4. HP: 39/39 MP: 3/3
   113 | D:2      | Reached XP level 5. HP: 45/45 MP: 4/4
   167 | D:2      | Reached skill level 6 in Unarmed Combat
   397 | D:5      | Entered Level 5 of the Dungeon
   534 | D:6      | Reached skill level 7 in Unarmed Combat
   534 | D:6      | Reached XP level 6. HP: 50/51 MP: 5/5
   557 | D:7      | Noticed a hungry ghost
   582 | D:7      | Killed a hungry ghost
   582 | D:7      | Reached skill level 8 in Unarmed Combat
   582 | D:7      | Reached XP level 7. HP: 57/57 MP: 6/6
   731 | D:6      | Reached skill level 9 in Unarmed Combat
   743 | D:6      | Noticed Pikel
   850 | D:7      | Reached skill level 4 in Fighting
   912 | D:7      | Noticed a spriggan baker
   926 | D:7      | HP: 2/59 [spriggan baker/dagger (6)]
   932 | D:7      | HP: 2/59 [spriggan baker/dagger (1)]
   934 | D:7      | Slain by a spriggan baker

Vault maps used:
D:1:      minmay_arrival_nine_rooms, serial_co_window_serial, co_window_paths_a,
          co_window_corner_a, co_window_of_opportunity_a, co_window_paths_a,
          co_window_paths_b, co_window_corner_b, co_window_broadway_a,
          co_window_of_opportunity_b, co_window_of_opportunity_b,
          glass_columns_c, glass_columns_c, glass_columns_a,
          minmay_misc_feat_enclosed, minmay_misc_feat_five, minivault_23
D:2:      lemuel_crystal_altar, first_bread, uniq_sigmund, uniq_natasha
D:3:      overflow_temple_1_default
D:4:      serial_bayou_pond_b, due_unseen_surprise
D:5:      okawaru_ov_weapons_minmay
D:6:      zin_statuary, fedhas_altar_4, serial_shops,
          nicolae_shop_window_shopping, uniq_pikel
D:7:      kennysheep_little_box, ashenzari_conservatory_becter, the_bakery,
          grunt_ministairs_9
D:8:      marbit_many_paths

Skill      XL: |  1  2  3  4  5  6  7 |
---------------+----------------------+-----
Unarmed Combat | 5 7 8 9 |  9.4
Fighting       | 4 |  4.2
Armour         | |  3.6
Shields        | |  3.6

Action                   |  1- 3 |  4- 6 |  7- 9 || total
-------------------------+-------+-------+-------++-------
Melee: Unarmed           |     7 |    96 |    75 ||   178
       Headbutt          |     2 |    11 |    12 ||    25
  Use: Potion            |     1 |     1 |     2 ||     4
       Scroll            |       |     3 |     5 ||     8
 Stab: Sleeping          |       |     1 |       ||     1
  Eat: Bread ration      |       |     1 |       ||     1
       Chunk             |       |       |     2 ||     2
Armor: Scale mail        |     4 |    14 |       ||    18
       Ring mail         |       |    18 |    17 ||    35
       Skin              |       |     5 |       ||     5
Dodge: Dodged            |     2 |    18 |    14 ||    34
Block: Shield            |     7 |    39 |    30 ||    76

Table legend:
 A = Turns spent in this place as a percentage of turns spent in the entire game.
 B = Non-inter-level travel turns spent in this place as a percentage of non-inter-level travel turns spent in the entire game.
 C = Inter-level travel turns spent in this place as a percentage of turns spent in this place.
 D = Turns resting spent in this place as a percentage of non-inter-level travel turns spent in this place.
 E = Turns spent auto-exploring this place as a percentage of non-inter-level travel turns spent in this place.
 F = Non-inter-level travel turns spent in this place divided by the number of levels of this place that you've seen.
                   A       B       C       D       E      F
               +-------+-------+-------+-------+-------+----------------------
         Total | 100.0 | 100.0 |   0.0 |   0.4 |   0.0 | 119.4
       Dungeon | 100.0 | 100.0 |   0.0 |   0.4 |   0.0 | 119.4
               +-------+-------+-------+-------+-------+----------------------

Table legend:
 A = Kills in this place as a percentage of kills in entire the game.
 B = Kills by you in this place as a percentage of kills by you in the entire game.
 C = Kills by friends in this place as a percentage of kills by friends in the entire game.
 D = Other kills in this place as a percentage of other kills in the entire game.
 E = Experience gained in this place as a percentage of experience gained in the entire game.
 F = Experience gained in this place divided by the number of levels of this place that you have seen.
                   A       B       C       D       E      F
               +-------+-------+-------+-------+-------+----------------------
         Total | 100.0 | 100.0 |  -nan |  -nan | 100.0 | 142.5
       Dungeon | 100.0 | 100.0 |  -nan |  -nan | 100.0 | 142.5
               +-------+-------+-------+-------+-------+----------------------
